 Dungeon Crawl Stone Soup version 0.31-a0-851-g7ff8af7976 (webtiles) character file.

Game seed: 2624689692175045742

719 javelincjr the Sneak (level 7, -1/41 HPs)
             Began as an Octopode Hedge Wizard on Oct 5, 2023.
             Slain by a bullfrog (4 damage)
             ... on level 5 of the Dungeon.
             The game lasted 00:19:49 (4108 turns).

javelincjr the Sneak (Octopode Hedge Wizard)        Turns: 4108, Time: 00:19:49

Health: -1/41      AC:  1    Str: 10    XL:     7   Next: 70%
Magic:  14/14      EV: 13    Int: 18    God:
Gold:   153        SH:  0    Dex: 11    Spells: 8/15 levels left

rFire   . . .        k - +3 whip (elec)
rCold   . . .        (no shield)
rNeg    . . .        b - +0 hat
rPois   .            (no amulet)
rElec   .            (no ring)
rCorr   .            (no ring)
SInv    .            (no ring)
Will    .....        (no ring)
Stlth   ++++         (no ring)
HPRegen 0.26/turn    (no ring)
MPRegen 0.14/turn    (no ring)
                     (no ring)

%: no passive effects
@: no status effects
A: almost no armour, amphibious, 8 rings, camouflage 1, gelatinous body 1,
(nimble swimmer 1), tentacles
a: no special abilities


You were on level 5 of the Dungeon.
You visited 1 branch of the dungeon, and saw 5 of its levels.

You collected 153 gold pieces.

Inventory:

Hand Weapons
 a - a +0 dagger
 k - a +3 whip of electrocution (weapon)
 s - a +1 trident of freezing
Missiles
 i - 15 stones
 t - 3 boomerangs
 v - 2 throwing nets
 w - 4 poisoned darts
 x - 4 javelins
Armour
 b - a +0 hat (worn)
Magical Staves
 q - a staff of poison
Jewellery
 o - an amulet of faith
Scrolls
 d - 3 scrolls of identify {unknown}
 f - 2 scrolls of poison {unknown}
 j - a scroll of amnesia {unknown}
 l - a scroll of teleportation {unknown}
 n - a scroll of silence {unknown}
 u - a scroll of fog {unknown}
 y - a scroll of vulnerability {unknown}
Potions
 c - a potion of magic
 e - 2 potions of lignification {unknown}
 g - 2 potions of mutation {unknown}
 h - 3 potions of enlightenment {unknown}
 m - 4 potions of curing {unknown}
 p - a potion of brilliance {unknown}
 r - a potion of might {unknown}


   Skills:
 + Level 3.4 Dodging
 + Level 5.0 Stealth
 * Level 4.7 Spellcasting
 + Level 3.0 Conjurations
 + Level 2.8 Summonings
 + Level 2.8 Translocations
 + Level 2.3 Fire Magic


You had 8 spell levels left.
You knew the following spells:

 Your Spells              Type           Power      Damage    Failure   Level
a - Magic Dart            Conj           60%        1d6       3%          1
b - Call Imp              Summ           28%        N/A       6%          2
c - Blink                 Tloc           28%        N/A       6%          2
d - Scorch                Fire           24%        2d6       8%          2

Your spell library contained the following spells:

 Spells                   Type           Power      Damage    Failure   Level
 Apportation              Tloc           28%        N/A       4%          1
 Summon Small Mammal      Summ           56%        N/A       4%          1
 Necrotise                Necr           16%        1d4       14%         1
 Sandblast                Erth           8%         2d5       14%         1
 Slow                     Hex            16%        N/A       14%         1
 Cigotuvi's Dreadful Rot  Necr/Pois/Air  8%         N/A       21%         2
 Jinxbite                 Hex            8%         N/A       21%         2
 Passwall                 Tmut/Erth      3%         N/A       21%         2
 Stone Arrow              Conj/Erth      18%        3d8       22%         3
 Mephitic Cloud           Conj/Pois/Air  8%         N/A       26%         3
 Flame Wave               Conj/Fire      14%        2d6       41%         4
 Brom's Barrelling Bould  Conj/Erth      9%         2d3       58%         4
 Fireball                 Conj/Fire      7%         3d5       77%         5
 Cause Fear               Hex            2%         N/A       80%         4
 Alistair's Intoxication  Tmut/Pois      2%         N/A       98%         5
 Summon Cactus Giant      Summ           7%         N/A       100%        6
 Dragon's Call            Summ           7%         N/A       100%        9


Dungeon Overview and Level Annotations

Branches:
Dungeon (5/15)
 Temple: D:4-7

Altars:
Makhleb
Okawaru
Qazlal
Trog
Xom

Shops:
D:2 *   D:5 (


Innate Abilities, Weirdness & Mutations

You cannot wear most types of armour.
You are amphibious.
You can wear up to eight rings at the same time.
Your skin changes colour to match your surroundings (Stealth+).
Your rubbery body absorbs attacks. (AC +1, EV +1)
((You are camouflaged when in or above water. (Stealth+)))
You have tentacles for arms and can constrict up to eight enemies at once.


Message History

Pain shoots through your body!
A centaur comes into view.
A phantom comes into view.
The shadow imp hits you.
There is an open door here.
The bullfrog gives a loud, deep croak!
You hit the shadow imp.
Lightning courses through the shadow imp!!
You kill the shadow imp!
Your cerulean imp hits the centaur from afar with a -3 spear.
The centaur hits you. The centaur kicks you.
The bullfrog attacks as it pursues you! The bullfrog hits you.
Your cerulean imp hits the centaur but does no damage.
The centaur hits you. The centaur closely misses you.
You swap places.
The bullfrog hits your cerulean imp.
The centaur wields a +0 shortbow.
The centaur shoots an arrow.
The arrow hits your cerulean imp!
Your cerulean imp barely misses the bullfrog.
The bullfrog hits your cerulean imp but does no damage.
The centaur shoots an arrow.
The arrow barely misses your cerulean imp.
The arrow completely misses you. The bullfrog misses your cerulean imp.
Your cerulean imp hits the bullfrog but does no damage.
The centaur shoots an arrow.
The arrow closely misses your cerulean imp.
The arrow hits you!
The bullfrog closely misses your cerulean imp.
Your cerulean imp hits the bullfrog with a -3 spear.
The centaur shoots an arrow.
The arrow hits your cerulean imp!
Your cerulean imp dies!
Your cerulean imp disappears in a puff of smoke!
The centaur shoots an arrow.
The arrow hits you!
* * * LOW HITPOINT WARNING * * *
The centaur shoots an arrow.
The arrow misses you. The bullfrog hits you.
* * * LOW HITPOINT WARNING * * *
The centaur shoots an arrow.
The arrow barely misses you.
There is a stone staircase leading down here.
The bullfrog hits you.
You die...

....# ##### ....# #############
#...# #...# #...@.......####.<.#
#.W.# #.#.F..####....#...# #...#
#.#.....###....#...# ##...#
#.c..........###...## #....#
#..#.♣.♣.#...'...⌠...
#'#####W.........#.##.....#
#.W......♣.♣.♣.♣....##...##
#....'..........._........##.##.
#....########.♣.♣.♣.♣.#.####'###


You could see a phantom, a bullfrog and a centaur.

Vanquished Creatures
  A water moccasin (D:5)
  An ogre (D:5)
  A scorpion (D:5)
  A jelly (D:4)
  An orc priest (D:4)
  A hound (D:5)
  4 iguanas (D:5)
  8 gnolls
  4 adders (D:5)
  2 shadow imps (D:5)
  A worm (D:2)
  A dart slug (D:2)
  12 orcs
  9 endoplasms
  3 giant cockroaches
  A goblin (D:1)
  5 hobgoblins
  12 jackals
  3 quokkas
  7 ball pythons
  6 bats
  3 frilled lizards
  4 kobolds
  4 rats
95 creatures vanquished.

Vanquished Creatures (collateral kills)
  3 gnolls (D:5)
  3 orcs
  A hobgoblin (D:3)
  A jackal (D:2)
  A frilled lizard (D:2)
  A goblin (D:2)
10 creatures vanquished.

Grand Total: 105 creatures vanquished

Notes
Turn   | Place    | Note
-------+----------+-------------------------------------------
     0 | D:1      | javelincjr the Octopode Hedge Wizard began the quest for
                  | the Orb.
     0 | D:1      | Reached XP level 1. HP: 11/11 MP: 4/4
   249 | D:1      | Reached XP level 2. HP: 17/17 MP: 0/6
   410 | D:1      | Reached skill level 3 in Stealth
   619 | D:1      | Learned a level 2 spell: Call Imp
   622 | D:1      | Learned a level 2 spell: Blink
   883 | D:1      | Reached XP level 3. HP: 21/21 MP: 1/7
  1501 | D:2      | Found Sial's General Store.
  1514 | D:2      | Found a bloodstained altar of Trog.
  1590 | D:2      | Reached XP level 4. HP: 27/27 MP: 1/9
  2245 | D:3      | Found a stormy altar of Qazlal.
  2250 | D:3      | Found a burning altar of Makhleb.
  2419 | D:3      | Reached XP level 5. HP: 31/31 MP: 7/10
  2455 | D:3      | Found a shimmering altar of Xom.
  2790 | D:4      | Reached skill level 1 in Fire Magic
  2845 | D:5      | Entered Level 5 of the Dungeon
  3030 | D:5      | Learned a level 2 spell: Scorch
  3089 | D:5      | Reached skill level 4 in Stealth
  3089 | D:5      | Reached XP level 6. HP: 12/36 MP: 4/12
  3301 | D:5      | Found Coseyrhomm's Antique Weapon Boutique.
  3362 | D:5      | Reached XP level 7. HP: 25/41 MP: 1/13
  4047 | D:5      | Found an iron altar of Okawaru.
  4054 | D:5      | Reached skill level 5 in Stealth
  4108 | D:5      | Slain by a bullfrog

Illustrated notes

Levels and vault maps discovered:
D:1:      onia_arrival_mini_maze_b, layout_basic
D:2:      layout_rooms, basic_altar, serial_shops, nicolae_shop_waterfront,
          amcnicky_mini_rare_corridor_liquid, minmay_quantized
D:3:      layout_rooms, nicolae_overflow_hidden_temple, grunt_decor_junction,
          feat_on_display
D:4:      layout_basic, small_statue_intersection
D:5:      minmay_polygon_palace, layout_basic, okawaru_trees_1,
          grunt_ministairs_14, nicolae_take_the_stairs, grunt_tough_drop,
          uniq_crazy_yiuf_cottage

Skill      XL: |  1  2  3  4  5  6  7 |
---------------+----------------------+-----
Stealth        | 3 4 5 |  5.0
Conjurations   | 2 3 |  3.0
Fire Magic     | 1 2 |  2.3
Summonings     | 2 |  2.8
Translocations | 2 |  2.8
Spellcasting   | 4 |  4.7
Dodging        | 3 |  3.4

Action                     |  1- 3 |  4- 6 |  7- 9 || total
---------------------------+-------+-------+-------++-------
  Melee: Dagger            |    31 |       |       ||    31
         Tentacles         |     9 |    12 |    12 ||    33
         Constrict         |    10 |    18 |    10 ||    38
         Whip              |     5 |    57 |    45 ||   107
         Punch             |       |     1 |       ||     1
   Cast: Magic Dart        |    87 |    53 |     5 ||   145
         Call Imp          |     1 |    17 |    10 ||    28
         Blink             |       |     2 |     1 ||     3
         Scorch            |       |     2 |       ||     2
   Stab: Distracted        |       |     1 |       ||     1
         Sleeping          |       |       |     1 ||     1
 Armour: Skin              |    16 |    37 |    41 ||    94
  Dodge: Dodged            |    18 |    47 |    26 ||    91

Table legend: (Time is in decaauts)
 A = Elapsed time spent in this place.
 B = Non-inter-level travel time spent in this place.
 C = Inter-level travel time spent in this place.
 D = Time resting spent in this place.
 E = Time spent auto-exploring this place.
 F = Levels seen in this place.
 G = Mean time per level.
                   A        B        C        D        E       F      G
               +--------+--------+--------+--------+--------+-----+--------+
         Total |   4121 |   4038 |     83 |    600 |   2569 |   5 |  824.2 |
       Dungeon |   4121 |   4038 |     83 |    600 |   2569 |   5 |  824.2 |
               +--------+--------+--------+--------+--------+-----+--------+

Top non-repeatable levels by time:
     D:5: 1198 daAuts
     D:2: 1109 daAuts
     D:1: 1040 daAuts
     D:3: 627 daAuts
     D:4: 145 daAuts
